 Dungeon Crawl Stone Soup version 0.25-a0-942-g87a53962fc (webtiles) character file.

Game seed: 1252231594170207241, levelgen mode: deterministic

282390 Flugkiller the Demonologist (level 19, -7/75 HPs)
             Began as a Felid Ice Elementalist on May 5, 2020.
             Was a Believer of Uskayaw.
             Mangled by a thrashing horror (9 damage)
             ... on level 3 of the Abyss on May 6, 2020.
             The game lasted 05:26:59 (139264 turns).

Flugkiller the Demonologist (FeIE)                Turns: 139264, Time: 05:26:59

Health: -7/75      AC:  3    Str:  8      XL:     19   Next: 73%
Magic:  17/42      EV: 40    Int: 27 (28) God:    Uskayaw [**....]
Gold:   6289       SH:  4    Dex: 16 (19) Spells: 3/54 levels left
                                        Lives:  0   Deaths: 5

rFire    . . .     SeeInvis +   (weapon unavailable)
rCold    + . .     Gourm    .   (shield unavailable)
rNeg     . . .     Faith    .   (armour unavailable)
rPois    .         Spirit   .   (helmet unavailable)
rElec    +         Reflect  +   (cloak unavailable)
rCorr    .         Harm     .   (gloves unavailable)
MR       ++...     Clarity  +   (boots unavailable)
Stlth    +++++.....             q - amulet of Free Will {Reflect rElec MR- Str+4 Int+4 SH+4}
HPRegen  0.22/turn              Q - +4 ring of evasion
MPRegen  0.28/turn              D - +5 ring of evasion

@: brilliant, very slightly contaminated, quick
A: very small, no armour, no weapons or thrown items, stealth, antennae 1, claws
1, fangs 3, see invisible, carnivore, clarity, deterioration 2, speed 1, frail
1, magic resistance 1, shaggy fur 3, slow metabolism 1, sharp paws
}: 2/15 runes: decaying, gossamer
a: Stomp, Line Pass, Renounce Religion


You were on level 3 of the Abyss.
You worshipped Uskayaw.
Uskayaw was aware of your devotion.
You were not hungry.

You visited 10 branches of the dungeon, and saw 47 of its levels.
You visited the Abyss 3 times.
You also visited: Bailey and Ice Cave.

You collected 7229 gold pieces.
You spent 940 gold pieces at shops.

Inventory:

Jewellery
 j - an uncursed amulet of guardian spirit
   (You found it on level 3 of the Elven Halls)
 p - an uncursed ring of protection from magic
   (You found it on level 6 of the Dungeon)
 q - the amulet of Free Will (around neck) {Reflect rElec MR- Str+4 Int+4 SH+4}
   (You acquired it on level 1 of the Spider Nest)

   [amulet of reflection]

   It shields you and reflects attacks.
   It affects your strength (+4).
   It affects your intelligence (+4).
   It insulates you from electricity.
   It affects your resistance to hostile enchantments.
   It affects your SH (+4).
 s - an uncursed ring of poison resistance
   (You took it off a wight on level 9 of the Dungeon)
 w - an uncursed ring of positive energy
   (You found it on level 10 of the Dungeon)
 D - a +5 ring of evasion (right paw)
   (You found it on level 1 of the Spider Nest)
 F - an uncursed ring of magical power
   (You found it on level 11 of the Dungeon)
 G - an uncursed ring of protection from cold
   (You took it off a deep elf death mage on level 3 of the Elven Halls)
 M - an uncursed ring of wizardry
   (You found it on level 13 of the Dungeon)
 P - an uncursed ring of protection from fire
   (You bought it in a shop on level 2 of the Orcish Mines)
 Q - a +4 ring of evasion (left paw)
   (You bought it in a shop on level 2 of the Orcish Mines)
 V - an uncursed ring of fire
   (You found it on level 4 of the Depths)
Wands
 f - a wand of acid (17)
   (You found it on level 6 of the Dungeon)
 k - a wand of paralysis (24)
   (You found it on level 4 of the Dungeon)
 n - a wand of disintegration (14)
   (You found it on level 5 of the Dungeon)
 r - a wand of iceblast (18)
   (You found it on level 12 of the Dungeon)
 y - a wand of clouds (17)
   (You took it off a yaktaur on level 1 of the Depths)
 B - a wand of polymorph (20)
   (You found it on level 11 of the Dungeon)
 E - a wand of flame (108)
   (You found it on level 6 of the Lair of Beasts)
 S - a wand of digging (16)
   (You found it on level 3 of the Elven Halls)
 T - a wand of enslavement (26)
   (You found it on level 3 of the Elven Halls)
Scrolls
 a - 24 scrolls of remove curse
 e - 3 scrolls of magic mapping
 t - 2 scrolls of immolation
 v - 5 scrolls of fog
 x - a scroll of teleportation
 A - 7 scrolls of amnesia
 K - 2 scrolls of summoning
 L - 7 scrolls of identify
 O - 5 scrolls of fear
Potions
 c - 7 potions of brilliance
 d - 2 potions of haste
 g - 2 potions of mutation
 h - 11 potions of stabbing
 i - 6 potions of flight
 l - 3 potions of resistance
 o - 3 potions of cancellation
 u - a potion of ambrosia
 z - 3 potions of magic
 C - 10 potions of might
 I - a potion of curing
 N - 2 potions of berserk rage
Miscellaneous
 H - a phial of floods
   (You found it on level 1 of the Elven Halls)
 W - 4 phantom mirrors
Comestibles
 b - 64 rations


   Skills:
 + Level 10.0 Fighting
 - Level 15.0 Dodging
 - Level 10.0 Stealth
 - Level 18.0 Spellcasting
 - Level 13.1 Conjurations
 - Level 5.0 Hexes
 - Level 23.0 Summonings
 - Level 6.5 Necromancy
 - Level 14.0 Ice Magic
 - Level 6.0 Earth Magic
 - Level 11.0 Invocations
 - Level 5.0 Evocations


You had 3 spell levels left.
You knew the following spells:

 Your Spells              Type           Power        Failure   Level  Hunger
a - Freeze                Ice            ####         0%          1    None
b - Frozen Ramparts       Ice            ######       1%          3    None
c - Borgnjor's Vile Clut  Necr/Erth      ######....   4%          5    None
d - Hailstorm             Conj/Ice       #######.     1%          4    None
e - Summon Mana Viper     Hex/Summ       #######.     1%          5    None
f - Shadow Creatures      Summ           N/A          1%          6    None
g - Spellforged Servitor  Conj/Summ      ########..   1%          7    None
h - Aura of Abjuration    Summ           ########..   0%          5    None
i - Iron Shot             Conj/Erth      #######...   6%          6    None
j - Dragon's Call         Summ           ########..   16%         9    None

Your spell library contained the following spells:

 Spells                   Type           Power        Failure   Level  Hunger
 Magic Dart               Conj           ####         0%          1    None
 Summon Butterflies       Summ           ########     0%          1    None
 Summon Small Mammal      Summ           ####         0%          1    None
 Call Imp                 Summ           ########     0%          2    None
 Call Canine Familiar     Summ           ########     0%          3    None
 Animate Skeleton         Necr           N/A          1%          1    None
 Beastly Appendage        Tmut           #####.       1%          1    None
 Corona                   Hex            ######.      1%          1    None
 Foxfire                  Conj/Fire      ####         1%          1    None
 Pain                     Necr           ####         1%          1    None
 Sandblast                Erth           ######       1%          1    None
 Corpse Rot               Necr/Air       N/A          1%          2    None
 Slow                     Hex            ######..     1%          2    None
 Sublimation of Blood     Necr           ######....   1%          2    None
 Confusing Touch          Hex            ######..     1%          3    None
 Conjure Flame            Conj/Fire      ######..     1%          3    None
 Inner Flame              Hex/Fire       ######..     1%          3    None
 Mephitic Cloud           Conj/Pois/Air  ######..     1%          3    None
 Ozocubu's Armour         Chrm/Ice       #######.     1%          3    None
 Recall                   Summ/Tloc      N/A          1%          3    None
 Static Discharge         Conj/Air       ######..     1%          3    None
 Stone Arrow              Conj/Erth      ######       1%          3    None
 Summon Guardian Golem    Hex/Summ       #######.     1%          3    None
 Vampiric Draining        Necr           ######....   1%          3    None
 Blink                    Tloc           N/A          2%          2    None
 Sticks to Snakes         Tmut           #####...     2%          2    None
 Gell's Gravitas          Tloc           #####.....   5%          3    None
 Spider Form              Tmut/Pois      #####.....   5%          3    None
 Summon Ice Beast         Ice/Summ       ########     0%          4    None
 Summon Demon             Summ           ########..   0%          5    None
 Dispel Undead            Necr           ######..     1%          4    None
 Ice Form                 Ice/Tmut       #######.     1%          4    None
 Leda's Liquefaction      Hex/Erth       ######....   1%          4    None
 Summon Lightning Spire   Summ/Air       #######.     1%          4    None
 Metabolic Englaciation   Hex/Ice        #######...   1%          5    None
 Summon Forest            Summ/Tloc      #######...   1%          5    None
 Summon Hydra             Summ           ########..   1%          7    None
 Cause Fear               Hex            ######....   2%          4    None
 Agony                    Necr           ######..     3%          5    None
 Bolt of Magma            Conj/Fire/Erth ######....   3%          5    None
 Lightning Bolt           Conj/Air       ######....   3%          5    None
 Simulacrum               Ice/Necr       #######...   4%          6    None
 Petrify                  Tmut/Erth      ######..     5%          4    None
 Yara's Violent Unravell  Hex/Tmut       ######....   19%         5    None
 Blade Hands              Tmut           #####.....   45%         5    None
 Statue Form              Tmut/Erth      ######...    63%         6    None
 Dispersal                Tloc           #####.....   96%         6    None
 Dragon Form              Tmut           #####.....   100%        7    None
 Controlled Blink         Tloc           N/A          100%        8    None
 Disjunction              Tloc           #####.....   100%        8    None
 Ignition                 Fire           #####.....   100%        8    None
 Shatter                  Erth           ######....   100%        9    None
 Tornado                  Air            #####.....   100%        9    None
 Portal Projectile        Hex/Tloc       Unusable     N/A         3    N/A
 Excruciating Wounds      Chrm/Necr      Unusable     N/A         5    N/A

Dungeon Overview and Level Annotations

Branches:
Dungeon (15/15)            Temple (1/1) D:6            Lair (6/6) D:10
  Swamp (4/4) Lair:3       Spider (4/4) Lair:4        Slime (0/5) Lair:6
    Orc (2/2) D:11            Elf (3/3) Orc:2        Vaults (4/5) D:14
  Crypt (3/3) Vaults:2       Tomb (0/3) Crypt:3      Depths (5/5) D:15
    Zot (0/5) Depths:5     Bailey (visited)           IceCv (visited)

Altars:
Ashenzari
Cheibriados
Dithmenos
Elyvilon
Fedhas
Gozag
Hepliaklqana
Kikubaaqudgha
Makhleb
Nemelex Xobeh
Okawaru
Qazlal
Ru
Sif Muna
Trog
Uskayaw
Vehumet
Wu Jian
Xom
Yredelemnul
Zin
The Shining One
Beogh
Jiyva

Shops:
D:8 =   D:11 [   Orc:1 %   Orc:2 ?}}=   Depths:5 *

Portals:
Hell: Depths:1 Depths:2 Depths:3 Depths:4 Depths:5
Abyss: Elf:1 Depths:4
Pandemonium: Depths:1 Depths:2 Depths:3
Ziggurat: Depths:3
Trove: Depths:5 (show abyssal rune of Zot)

Annotations:
D:1 exclusion: downstairs
D:2 1 runed translucent door, Crazy Yiuf
D:6 exclusion: centaur
D:7 exclusion: skeleton
Lair:1 exclusion: oklob plant
Lair:2 3 runed translucent doors, NoobNation's ghost, journeyman MiFi
Lair:6 Josephine
Swamp:2 1 runed translucent door
Spider:1 1 runed translucent door, exclusion: downstairs
Spider:2 Asterion
Elf:1 2 transporters, Uxtu Raffyig's ghost, adept VSGl
Elf:2 3 runed translucent doors
Crypt:2 1 runed translucent door, Ugilubb's ghost, adept GrFi
Depths:1 exclusion: big kobold


Innate Abilities, Weirdness & Mutations

You cannot wear armour.
You are incapable of wielding weapons or throwing items.
Your paws allow you to move quietly. (Stealth)
You have sharp claws.
You have razor-sharp teeth.
You have supernaturally acute eyesight. (SInv)
You are carnivorous and can eat meat at any time.
You cover ground quickly.
Your thick and shaggy fur keeps you warm. (AC +3, rC+)
You have a slow metabolism.
Your sharp claws are effective at attacking unaware monsters.
You have a pair of small antennae on your head.
You possess an exceptional clarity of mind.
Your body often deteriorates upon taking damage.
You are frail. (-10% HP)
You are resistant to hostile enchantments. (MR+)


Message History

Your spellforged servitor casts a spell at the thrashing horror.
The iron shot hits the thrashing horror!!
The thrashing horror is destroyed!
The bone dragon bites you!!
* * * LOW HITPOINT WARNING * * *
Your body deteriorates!
You feel clumsy. The bone dragon claws you!
* * * LOW HITPOINT WARNING * * *
Your body deteriorates!
You feel clumsy. You block the bone dragon's attack.
Unknown command.
An ancient zyme comes into view.
You feel yourself growing ill in the presence of the ancient zyme.
Your spellforged servitor casts a spell at the bone dragon.
The iron shot hits the bone dragon!!
Unknown command.
Unknown command.
Unknown command.
Unknown command.
Unknown command.
Unknown command.
Unknown command.
Casting: Borgnjor's Vile Clutch (dangerous; 4% risk of failure)
Confirm with . or Enter, or press ? or * to list all spells.
Aiming: Borgnjor's Vile Clutch (dangerous; 4% risk of failure)
Press: ? - help, Shift-Dir - straight line, f - bone dragon
Aim: a bone dragon (lightly damaged)
You feel a surge of power!
Zombie hands grab the bone dragon.
The zombie hands constrict the bone dragon.
A thrashing horror comes into view.
The bone dragon struggles to escape constriction.
Unknown command.
Unknown command.
As you read the scroll of summoning, it crumbles to dust.
Wisps of shadow whirl around you...
The zombie hands constrict the bone dragon.
Some rock shatters into small pieces.
Your spellforged servitor casts a spell at the bone dragon.
The iron shot hits the fire crab!!!
The bone dragon escapes!
Unknown command.
Your spellforged servitor hums quietly as it recharges.
The fire crab bites your spellforged servitor!
Your spellforged servitor is engulfed in flames.
Your spellforged servitor resists.
The fire crab claws your spellforged servitor.
Your spellforged servitor is engulfed in flames.
Your spellforged servitor resists.
The thrashing horror tramples you!
You die...

#...###...###...###...
#.....#..4..#.....#....
... ...................
..........8...........
........2. t..........
#..........2#...x.#.. .
##4..#.#...#.#D..## ..#
# ..........#...5.#.....
......./....xW@..?....
.....∩.........x.X......
## §≈≈≈≈≈###............
≈§§≈≈≈≈≈≈ #......#.....
≈≈ ≈≈# #.#...###...# # .
≈ ...#.......# .... .≈≈
#......... ... #
#......... .. ≈


You could see a bone dragon, a cacodemon, a fire crab, an orange demon, an
ancient zyme, a thrashing horror, a friendly spellforged servitor, 2 friendly
ancient zymes, a friendly wraith and a friendly iron imp.

Vanquished Creatures
  Mara (Swamp:3)
  the Enchantress (Depths:5)
  A bone dragon (Abyss:1)
  2 liches
  A deep elf master archer (Elf:3)
  A deep elf blademaster (Elf:3)
  A tentacled starspawn (Abyss:1)
  An ancient champion (Crypt:3)
  A shadow dragon (Depths:4)
  Kirke (Lair:5)
  A draconian monk (Depths:5)
  A fire giant (Depths:2)
  A revenant (Crypt:3)
  A ghost moth (Spider:4)
  An orc warlord (Orc:2)
  A frost giant (Depths:2)
  4 deep elf sorcerers
  A cacodemon (Abyss:3)
  2 curse skulls (Crypt:3)
  3 spriggan defenders
  3 ironheart preservers (Vaults:4)
  6 stone giants
  6 very ugly things
  3 vampire knights
  2 entropy weavers
  A draconian stormcaller (Depths:5)
  Nessos (Lair:6)
  4 deep elf demonologists (Elf:3)
  Azrael (D:13)
  A deep elf annihilator (Elf:3)
  A spark wasp (Depths:2)
  A merfolk javelineer (Depths:1)
  2 white draconians (Depths:5)
  3 deep elf death magi
  2 deep elf high priests (Elf:3)
  3 yaktaur captains
  A great orb of eyes (Depths:5)
  4 jiangshi
  2 spriggan air magi
  2 vault guards
  A hell beast (Depths:5)
  A rakshasa (D:14)
  2 ghost crabs
  5 hydras
  10 two-headed ogres
  A centaur warrior (D:15)
  An alligator (shapeshifter) (Depths:2)
  A death knight (D:11)
  3 alligators
  2 deep troll shamans (Depths:1)
  5 dancing weapons
  A tengu warrior (Depths:3)
  2 ogre magi
  2 vampire magi
  3 thrashing horrors
  4 spriggan berserkers
  4 orc high priests (Orc:2)
  7 deep elf knights
  A soul eater (Crypt:3)
  A hell knight (Depths:5)
  5 large abominations
  A shadow wraith (Crypt:3)
  10 skeletal warriors
  3 sixfirhies
  3 deep trolls
  3 unseen horrors
  2 starcursed masses (Abyss:3)
  A wizard (Abyss:1)
  11 deep elf archers
  3 glowing orange brains
  An anaconda skeleton (Crypt:3)
  Pikel (D:7)
  A harpy (Spider:2)
  17 deep elf magi
  An ironbrand convoker (Vaults:3)
  5 lindwurms
  4 orc knights (Orc:2)
  A swamp dragon (Swamp:3)
  7 orb spiders
  3 necromancers
  6 orc sorcerers
  10 ugly things
  A cyclops (D:12)
  A wolf spider zombie (D:14)
  7 wolf spiders
  A manticore (shapeshifter) (D:14)
  A frost giant skeleton (Crypt:3)
  A dire elephant zombie (Abyss:3)
  A fire giant skeleton (Abyss:2)
  A worldbinder (Depths:4)
  A vault sentinel (Vaults:4)
  3 black mambas (Lair:6)
  A rust devil (Depths:5)
  A torpor snail (Lair:6)
  An orange demon (Abyss:3)
  A naga mage (D:15)
  4 spiny frogs
  2 smoke demons (Abyss:3)
  A shock serpent skeleton (Crypt:3)
  3 komodo dragons
  5 yaktaurs
  2 kobold demonologists (D:15)
  An elephant slug zombie (Crypt:2)
  2 freezing wraiths (D:11)
  A rime drake (Lair:6)
  An efreet (D:14)
  A demonic crawler (Spider:4)
  7 jumping spiders
  2 ancient zymes (Abyss:1)
  5 trolls
  2 polar bears (Lair:1)
  15 hornets
  2 wind drakes (Depths:5)
  A harpy skeleton (Crypt:1)
  A tyrant leech (Swamp:3)
  A bog body (Swamp:3)
  A hornet (shapeshifter) (Elf:1)
  A raiju (Abyss:3)
  5 dream sheep (Lair:6)
  4 blink frogs
  A stone giant simulacrum (Crypt:3)
  4 hippogriffs
  4 flying skulls
  An ettin skeleton (Crypt:3)
  An ice dragon skeleton (Crypt:3)
  20 redbacks
  3 water elementals
  7 tarantellas
  5 spriggans
  A vampire (Abyss:3)
  A basilisk (Lair:4)
  5 fire elementals
  2 wraiths
  10 wyverns
  A hog (Lair:5)
  37 yaks
  3 ynoxinuls
  3 golden eyes (Abyss:1)
  3 vampire mosquitoes
  A neqoxec (Abyss:3)
  A hungry ghost (D:12)
  2 wargs
  3 small abominations
  A soldier ant (D:12)
  2 acid dragons (D:14)
  2 hell hounds (D:13)
  6 water moccasins
  A floating eye (Depths:4)
  4 porcupines
  31 orc warriors
  A swamp drake (Swamp:3)
  2 eyes of draining
  4 sky beasts
  A boggart (Depths:3)
  11 centaurs
  2 necrophages (Crypt:2)
  18 ogres
  10 wolves
  A snapping turtle skeleton (Crypt:1)
  5 crocodiles
  4 nameless horrors
  3 big kobolds
  An elf zombie (Elf:1)
  10 bullfrogs
  3 earth elementals (Elf:1)
  2 scorpions
  7 killer bees
  6 howler monkeys
  2 electric eels
  5 crimson imps
  A quasit (D:14)
  A bullfrog zombie (D:5)
  30 orc priests
  A bullfrog skeleton (D:4)
  5 hounds
  2 jellies
  A centaur skeleton (D:8)
  An iron imp (Depths:2)
  12 worker ants
  An iguana (D:11)
  26 orc wizards
  2 hell rats (Lair:6)
  A hound skeleton (D:5)
  5 mummies (Crypt:1)
  7 gnolls
  8 adders
  2 shadow imps
  2 ufetubi
  2 oozes
  An adder zombie (D:8)
  An adder skeleton (D:5)
  2 worms (D:3)
  2 dart slugs
  A leopard gecko (D:1)
  92 orcs
  2 ball pythons
  A bat zombie (Crypt:1)
  6 giant cockroaches
  5 hobgoblins
  5 jackals
  7 quokkas
  3 bats
  10 frilled lizards
  10 goblins
  A jackal skeleton (D:9)
  16 kobolds
  6 rats
  2 fungi
  2 plants
873 creatures vanquished.

Vanquished Creatures (collateral kills)
  An ancient lich (Crypt:3)
  A juggernaut (Depths:3)
  Boris (Crypt:2)
  Bai Suzhen (Swamp:3)
  Jory (Crypt:1)
  4 golden dragons
  3 bone dragons
  Arachne (Spider:4)
  Jorgrun (Swamp:2)
  5 tentacled monstrosities
  3 liches
  5 ancient champions
  Frances (Spider:2)
  A deep elf blademaster (Elf:3)
  2 titans
  3 tentacled starspawn (Abyss:1)
  The ghost of Karim the Nimble, an adept GnMo of Zin (Swamp:4)
  A kraken (Abyss:3)
  A sphinx (Depths:2)
  Gastronok (Lair:2)
  3 draconian monks (Depths:5)
  A tengu reaver (Depths:3)
  2 thorn hunters (Swamp:4)
  Donald (Spider:2)
  4 storm dragons
  A revenant (Crypt:2)
  Roxanne (Spider:1)
  A fire giant (shapeshifter) (Vaults:2)
  7 frost giants
  A shadow dragon (Abyss:3)
  Aizul (Swamp:2)
  7 deep elf sorcerers
  2 ghost moths
  12 fire giants
  6 vault wardens
  An orc warlord (Vaults:4)
  7 emperor scorpions
  A reaper (Crypt:3)
  7 deep elf elementalists (Elf:3)
  6 ironheart preservers
  3 draconian annihilators (Depths:5)
  16 stone giants
  4 entropy weavers
  A ghoul (Crypt:2)
  7 vampire knights
  2 spriggan defenders
  14 very ugly things
  2 green draconians (Depths:5)
  2 white draconians (Depths:5)
  4 red draconians (Depths:5)
  2 black draconians (Depths:5)
  5 deep elf annihilators
  5 spark wasps
  2 purple draconians (Depths:5)
  13 ettins
  3 eidola
  7 deep elf death magi
  7 fire dragons
  A crystal guardian (Vaults:2)
  8 jiangshi
  8 yaktaur captains
  7 deep elf high priests
  11 rakshasas
  8 great orbs of eyes
  25 hydras
  9 vault guards
  3 spriggan air magi
  A shambling mangrove (Swamp:4)
  2 centaur warriors
  5 ice dragons
  47 two-headed ogres
  18 alligators
  2 death knights
  3 tengu warriors
  14 ogre magi
  8 deep troll earth magi
  5 deep troll shamans
  6 dancing weapons
  Urug (Lair:1)
  7 vampire magi
  3 spriggan berserkers
  11 soul eaters
  11 thrashing horrors
  7 hell knights
  14 deep elf knights
  41 skeletal warriors
  5 wretched stars
  A golden dragon zombie (Crypt:3)
  A sixfirhy (Abyss:3)
  An unseen horror (Vaults:1)
  2 shadow wraiths
  3 iron trolls
  4 flayed ghosts
  3 spriggan druids
  A storm dragon skeleton (Crypt:3)
  A sea snake (shapeshifter) (Vaults:2)
  An unseen horror (shapeshifter) (Vaults:1)
  3 death drakes (Depths:5)
  3 wizards
  11 swamp dragons
  22 deep trolls
  4 phantasmal warriors
  8 deep elf archers
  A lindwurm (Depths:5)
  3 anaconda skeletons
  7 ironbrand convokers
  4 necromancers
  A golden dragon skeleton (Crypt:3)
  25 deep elf magi
  26 wolf spiders
  10 orc knights
  9 orb spiders
  2 fire giant zombies
  2 moths of wrath
  2 orc sorcerers
  A worldbinder (Abyss:1)
  7 cyclopes
  A salamander (Depths:1)
  34 ugly things
  A guardian serpent (shapeshifter) (Vaults:1)
  An iron dragon skeleton (Crypt:3)
  5 black mambas
  A centaur zombie (D:15)
  10 vault sentinels
  A frost giant skeleton (Crypt:3)
  2 guardian serpents
  A shock serpent zombie (Crypt:1)
  5 stone giant skeletons
  2 ice statues (IceCv)
  4 smoke demons
  A titan simulacrum (Vaults:3)
  A dire elephant zombie (Crypt:3)
  15 spiny frogs
  An orange demon (Abyss:1)
  3 freezing wraiths
  2 rime drakes (Lair:3)
  2 centaur skeletons
  7 komodo dragons
  14 demonic crawlers
  36 yaktaurs
  12 ice devils
  A golden dragon simulacrum (Crypt:1)
  A green draconian skeleton (Crypt:1)
  A grey draconian skeleton (Crypt:3)
  19 jumping spiders
  6 tengu conjurers
  2 catoblepas skeletons
  2 guardian mummies (Crypt:1)
  8 ancient zymes
  4 trolls
  2 polar bears
  29 hornets
  3 hornets (shapeshifter)
  8 tyrant leeches
  A guardian serpent zombie (Crypt:2)
  A frost giant simulacrum (Vaults:1)
  5 raiju
  25 slime creatures
  A hydra skeleton (Crypt:1)
  12 blink frogs
  An ice dragon zombie (Abyss:1)
  5 bog bodies
  A hippogriff (Lair:6)
  6 dream sheep (Lair:3)
  20 shadows
  A fire dragon skeleton (Crypt:1)
  11 flying skulls
  6 starcursed masses
  3 ynoxinuls
  21 tarantellas
  3 water elementals
  An air elemental (Elf:3)
  22 small abominations
  A fire bat (Abyss:3)
  A vampire (D:15)
  An ice dragon skeleton (Crypt:3)
  47 redbacks
  31 yaks
  An ettin skeleton (Crypt:3)
  19 spriggans
  A wyvern (Lair:6)
  3 fire elementals
  3 hogs (Lair:5)
  3 basilisks
  A hungry ghost (Abyss:2)
  A chaos spawn (Abyss:3)
  13 wraiths
  6 golden eyes (Abyss:1)
  7 vampire mosquitoes
  A steam dragon (D:11)
  3 neqoxecs
  11 swamp worms
  7 wargs
  7 insubstantial wisps (Swamp:3)
  2 acid dragons
  15 large abominations
  A merfolk skeleton (Crypt:2)
  2 human zombies
  15 water moccasins
  A hell hound (Depths:5)
  5 porcupines
  A floating eye (Depths:2)
  20 swamp drakes
  A deep troll skeleton (Crypt:3)
  3 phantoms
  A black bear (Lair:3)
  2 fire dragon simulacra
  2 ogre skeletons
  29 orc warriors
  An eye of draining (D:9)
  A sky beast (Abyss:1)
  An ice beast (D:12)
  A black bear (shapeshifter) (Vaults:4)
  A hornet zombie (D:10)
  10 wolves
  33 ogres
  A centaur (D:11)
  2 snapping turtle skeletons
  A manticore skeleton (Crypt:1)
  A swamp dragon skeleton (Crypt:3)
  10 crocodiles
  An elf zombie (Crypt:1)
  A rime drake zombie (Crypt:1)
  A salamander zombie (Crypt:1)
  8 bullfrogs
  A bullfrog (shapeshifter) (Abyss:3)
  A glowing shapeshifter simulacrum (Vaults:1)
  2 earth elementals (Elf:2)
  An elf skeleton (Crypt:2)
  A cyclops skeleton (Crypt:1)
  A wyvern skeleton (Crypt:2)
  A scorpion (D:10)
  A scorpion (shapeshifter) (Depths:2)
  A spriggan skeleton (Crypt:3)
  12 killer bees
  16 wights
  A polar bear skeleton (Crypt:1)
  A troll skeleton (Crypt:3)
  2 howler monkeys
  3 electric eels (Lair:4)
  2 crimson imps
  A quasit (Abyss:3)
  A bullfrog zombie (D:12)
  2 bullfrog skeletons
  A hound (D:9)
  2 iron imps
  A jelly (D:10)
  4 orc priests
  4 orc wizards
  A worker ant (D:14)
  A human skeleton (Crypt:1)
  4 hell rats (Lair:6)
  An iguana (D:9)
  9 nameless horrors
  A felid zombie (Crypt:3)
  A dwarf skeleton (Crypt:2)
  A hound skeleton (D:9)
  A mummy (Crypt:1)
  2 worker ant zombies
  A gnoll (Bailey)
  An ogre simulacrum (Crypt:3)
  An adder (D:11)
  A shadow imp (D:11)
  9 white imps
  10 ufetubi
  2 barachi skeletons (Crypt:3)
  42 orcs
  A goblin (Bailey)
  A hobgoblin (Bailey)
  3 jackals (D:11)
  4 kobolds (Bailey)
  2 butterflies (Lair:3)
  A plant (Lair:5)
  6 starspawn tentacles (Abyss:1)
  2 tentacles (Abyss:3)
1577 creatures vanquished.

Vanquished Creatures (others)
  A deep elf master archer (Elf:3)
  A deep elf elementalist (Abyss:2)
  A stone giant (Depths:2)
  An ettin (Depths:1)
  A deep elf high priest (Elf:3)
  A deep elf knight (Elf:1)
  A deep elf mage (Elf:3)
  A yaktaur (Depths:2)
  A slime creature (Swamp:4)
  2 small abominations (Abyss:1)
  A ynoxinul (Abyss:2)
  A redback (Spider:1)
  A fire bat (Abyss:3)
  3 humans (Lair:6)
  A large abomination (Abyss:2)
  An ogre (Vaults:1)
  A sky beast (D:7)
  A bullfrog (D:7)
  A hound (D:7)
  3 white imps (IceCv)
  3 ufetubi (IceCv)
  2 briar patches (Swamp:4)
  10 bushes (Abyss:1)
  11 demonic plants (Abyss:1)
  22 fungi
  85 plants
  10 starspawn tentacles
  30 tentacles (Abyss:3)
198 creatures vanquished.

Grand Total: 2648 creatures vanquished

Notes
Turn   | Place    | Note
-------+----------+-------------------------------------------
     0 | D:1      | Flugkiller the Felid Ice Elementalist began the quest for
                  | the Orb.
     0 | D:1      | Reached XP level 1. HP: 7/7 MP: 4/4
   177 | D:1      | Reached skill level 1 in Fighting
   520 | D:1      | Reached XP level 2. HP: 7/12 MP: 3/6
  1399 | D:2      | Reached XP level 3. HP: 6/16 MP: 3/7
  1586 | D:1      | Learned a level 3 spell: Frozen Ramparts
  1672 | D:2      | Found a runed translucent door.
  1673 | D:2      | Noticed Crazy Yiuf
  1737 | D:2      | Found a sparkling altar of Nemelex Xobeh.
  1801 | D:2      | Found an iron altar of Okawaru.
  1834 | D:2      | You fall into a shaft and drop 1 floor!
  2089 | D:2      | Reached XP level 4. HP: 19/19 MP: 4/8
  2579 | D:3      | Found a faded altar of an unknown god.
  2833 | D:3      | Found an iron altar of Okawaru.
  2833 | D:3      | Found a bloodstained altar of Trog.
  3051 | D:3      | Reached XP level 5. HP: 22/22 MP: 5/10
  3074 | D:3      | Reached skill level 5 in Ice Magic
  4116 | D:3      | Gained mutation: You are covered in thick fur. (AC +2)
                  | [Felid growth]
  4116 | D:3      | Reached XP level 6. HP: 28/28 MP: 7/11
  4829 | D:4      | Learned a level 4 spell: Summon Ice Beast
  5184 | D:4      | Reached XP level 7. HP: 28/31 MP: 8/12
  5534 | D:5      | Entered Level 5 of the Dungeon
  5536 | D:5      | Reached skill level 1 in Summonings
  5968 | D:5      | Reached skill level 2 in Summonings
  6966 | D:6      | Reached skill level 3 in Summonings
  6966 | D:6      | Reached XP level 8. HP: 34/34 MP: 11/15
  7007 | D:6      | Found a staircase to the Ecumenical Temple.
  7030 | Temple   | Entered the Ecumenical Temple
  7856 | D:6      | Reached skill level 4 in Summonings
  8162 | D:7      | Noticed Pikel
  8191 | D:7      | Paralysed by Pikel for 7 turns
  8205 | D:7      | Killed Pikel
  8205 | D:7      | Reached skill level 5 in Summonings
  9358 | D:8      | Reached skill level 5 in Dodging
  9694 | D:8      | Found Jaghelie's Jewellery Shoppe.
  9696 | D:8      | Reached XP level 9. HP: 39/39 MP: 6/17
  9787 | D:8      | Reached skill level 5 in Spellcasting
 10459 | D:9      | Found a shadowy altar of Dithmenos.
 10624 | D:9      | Found an ancient bone altar of Kikubaaqudgha.
 10630 | D:9      | Found a hide-covered altar of Uskayaw.
 10630 | D:9      | Found a shimmering altar of Xom.
 10640 | D:9      | Found an ornate altar of the Wu Jian Council.
 10640 | D:9      | Found a white marble altar of Elyvilon.
 10641 | D:9      | Found a glowing silver altar of Zin.
 11133 | D:9      | Reached skill level 10 in Ice Magic
 11367 | D:8      | Reached skill level 5 in Fighting
 11367 | D:8      | Reached XP level 10. HP: 24/44 MP: 1/18
 11633 | D:9      | Became a worshipper of Uskayaw the Reveler
 11675 | D:9      | Reached * piety under Uskayaw
 12039 | D:9      | Reached skill level 1 in Invocations
 12894 | D:9      | Found an opulent altar of Gozag.
 12927 | D:10     | Entered Level 10 of the Dungeon
 14016 | D:10     | Found a staircase to the Lair.
 14157 | D:10     | Reached ** piety under Uskayaw
 14323 | D:10     | Reached *** piety under Uskayaw
 14652 | Lair:1   | Entered Level 1 of the Lair of Beasts
 14688 | Lair:1   | Reached skill level 5 in Invocations
 15047 | Lair:1   | Reached skill level 5 in Stealth
 15119 | Lair:1   | Noticed a spiny frog
 15131 | Lair:1   | Killed a spiny frog
 15189 | Lair:1   | Reached **** piety under Uskayaw
 15220 | Lair:1   | Reached ***** piety under Uskayaw
 15485 | Lair:1   | Reached XP level 11. HP: 47/47 MP: 2/19
 15610 | Lair:1   | Noticed an eight-headed hydra
 15617 | Lair:1   | Killed an eight-headed hydra
 16091 | Lair:1   | Noticed Urug
 16486 | Lair:1   | Noticed an oklob plant
 17022 | Lair:1   | Learned a level 4 spell: Hailstorm
 17087 | Lair:2   | Found an iron altar of Okawaru.
 17485 | Lair:2   | Noticed Gastronok
 17659 | Lair:2   | Reached skill level 1 in Conjurations
 18057 | Lair:2   | Found a runed translucent gate.
 18057 | Lair:2   | Found a runed translucent gate.
 18057 | Lair:2   | Found a runed translucent gate.
 18567 | Lair:2   | Found a viscous altar of Jiyva.
 18567 | Lair:2   | Noticed NoobNation's ghost (journeyman MiFi)
 18567 | Lair:2   | Noticed a death ooze
 19325 | Lair:3   | Reached skill level 10 in Dodging
 19941 | Lair:3   | Noticed a four-headed hydra
 19955 | Lair:3   | Killed a four-headed hydra
 20345 | Lair:3   | Reached skill level 5 in Conjurations
 20502 | Lair:3   | Gained mutation: Your thick and shaggy fur keeps you warm.
                  | (AC +3, rC+) [Felid growth]
 20502 | Lair:3   | Reached XP level 12. HP: 52/52 MP: 8/20
 21155 | Lair:3   | Noticed a seven-headed hydra
 21169 | Lair:3   | Noticed a six-headed hydra
 21344 | Lair:3   | Killed a six-headed hydra
 21365 | Lair:3   | Killed a seven-headed hydra
 21513 | Lair:3   | Found a staircase to the Swamp.
 22123 | Lair:4   | Noticed an eight-headed hydra
 22130 | Lair:4   | Killed an eight-headed hydra
 22269 | Lair:4   | Noticed a six-headed hydra
 22280 | Lair:4   | Killed a six-headed hydra
 23090 | Lair:4   | Found a hole to the Spider Nest.
 24402 | Lair:6   | Entered Level 6 of the Lair of Beasts
 24402 | Lair:6   | Noticed Kirke
 24800 | Lair:5   | Killed Kirke
 24913 | Lair:6   | Found a viscous altar of Jiyva.
 24963 | Lair:6   | Found a staircase to the Slime Pits.
 25143 | Lair:6   | Noticed Josephine
 25452 | Lair:6   | Noticed Nessos
 25697 | Lair:6   | Reached ****** piety under Uskayaw
 25965 | Lair:6   | Reached XP level 13. HP: 55/55 MP: 11/21
 26919 | Lair:6   | Killed Nessos
 28319 | D:11     | Found a flagged portal.
 28390 | Bailey   | Entered a bailey
 28732 | Bailey   | Found a bloodstained altar of Trog.
 29068 | D:11     | Slain by a freezing wraith
 29069 | D:11     | Reached XP level 12. HP: -3/78 MP: 8/26
 29177 | D:11     | Found Qoczerph's Armour Shop.
 29180 | D:11     | Noticed a seven-headed hydra
 29197 | D:11     | Killed a seven-headed hydra
 29285 | D:11     | Found a staircase to the Orcish Mines.
 29957 | D:11     | Noticed a two-headed ogre
 29966 | D:11     | Killed a two-headed ogre
 30269 | D:11     | Noticed a two-headed ogre
 30275 | D:11     | Killed a two-headed ogre
 30630 | D:11     | Noticed a seven-headed hydra
 30640 | D:11     | Killed a seven-headed hydra
 31033 | D:12     | Reached skill level 10 in Spellcasting
 31034 | D:12     | Noticed a two-headed ogre
 31041 | D:12     | Killed a two-headed ogre
 31172 | D:12     | Noticed a two-headed ogre
 31181 | D:12     | Killed a two-headed ogre
 31291 | D:12     | Noticed a five-headed hydra
 31536 | D:11     | Killed a death knight
 31855 | D:12     | Reached XP level 13. HP: 51/55 MP: 15/28
 32869 | Orc:1    | Entered Level 1 of the Orcish Mines
 32875 | Orc:1    | Found Fizeupp's Food Emporium.
 33601 | Orc:2    | Entered Level 2 of the Orcish Mines
 34571 | Orc:2    | Found a roughly hewn altar of Beogh.
 34702 | Orc:2    | Noticed an ettin
 34713 | Orc:2    | Killed an ettin
 34843 | Orc:2    | Found Vasudol's Jewellery Boutique.
 34936 | Orc:2    | Found Haik Ygy's Gadget Shop.
 36271 | Orc:2    | Found a staircase to the Elven Halls.
 36956 | Orc:2    | Noticed an orc warlord
 37010 | Orc:2    | Killed an orc warlord
 37410 | Orc:2    | Found a roughly hewn altar of Beogh.
 37531 | Orc:2    | Found Ciaku's Gadget Boutique.
 37575 | Orc:2    | Found Ruhyguos's Magic Scroll Shop.
 37722 | Orc:2    | Bought a scroll of fear for 38 gold pieces
 38573 | D:13     | Reached XP level 14. HP: 53/63 MP: 2/31
 39180 | D:13     | Noticed Azrael
 39249 | D:13     | Killed Azrael
 40066 | D:14     | Found a shimmering blue altar of Sif Muna.
 40511 | D:14     | Found a gate to the Vaults.
 40748 | D:14     | Reached skill level 10 in Invocations
 41869 | D:15     | Entered Level 15 of the Dungeon
 42288 | D:15     | Reached skill level 1 in Evocations
 42954 | D:15     | Slain by a tengu warrior
 42955 | D:15     | Reached XP level 13. HP: 0/58 MP: 28/30
 43656 | D:15     | Found a staircase to the Depths.
 43696 | D:15     | Reached skill level 5 in Evocations
 44407 | Elf:1    | Entered Level 1 of the Elven Halls
 44655 | Elf:1    | Noticed a deep elf death mage
 44666 | Elf:1    | Reached skill level 6 in Summonings
 44974 | Elf:1    | Reached XP level 14. HP: 63/63 MP: 21/31
 45211 | Elf:1    | Found a transporter.
 45224 | Elf:1    | Found a one-way gate to the infinite horrors of the Abyss.
 45224 | Elf:1    | Noticed Uxtu Raffyig's ghost (adept VSGl)
 47035 | Elf:1    | Gained mutation: You are dopey. (Int -2) [mutagenic glow]
 47071 | Elf:1    | Gained mutation: Your body sometimes deteriorates upon
                  | taking damage. [mutagenic glow]
 47127 | Elf:1    | Gained mutation: You are frail. (-10% HP) [mutagenic glow]
 47197 | Elf:1    | Lost mutation: Your body sometimes deteriorates upon taking
                  | damage. [potion of mutation]
 47197 | Elf:1    | Lost mutation: You are frail. (-10% HP) [potion of
                  | mutation]
 47197 | Elf:1    | Lost mutation: You are dopey. (Int -2) [potion of mutation]
 47197 | Elf:1    | Gained mutation: You are resistant to hostile enchantments.
                  | (MR+) [potion of mutation]
 47197 | Elf:1    | Gained mutation: You possess an exceptional clarity of
                  | mind. [potion of mutation]
 47197 | Elf:1    | Gained mutation: You have a pair of small antennae on your
                  | head. [potion of mutation]
 47491 | Elf:1    | Found a transporter.
 47513 | Elf:1    | Noticed a brown very ugly thing
 47518 | Elf:1    | Identified the +7 scimitar of the Original Sin {distort,
                  | MR+ Dex+4}
 47634 | Elf:1    | Noticed a profane servitor
 47744 | Elf:1    | Noticed a cacodemon
 47898 | Elf:1    | Identified Kikubaaqudgha's Handbook of Necromancy
 48981 | Spider:1 | Entered Level 1 of the Spider Nest
 48990 | Spider:1 | Noticed an entropy weaver
 49005 | Spider:1 | Killed an entropy weaver
 49005 | Spider:1 | Reached skill level 7 in Summonings
 49331 | Spider:1 | Noticed an entropy weaver
 49348 | Spider:1 | Killed an entropy weaver
 49348 | Spider:1 | Reached skill level 15 in Dodging
 49868 | Spider:1 | Reached skill level 8 in Summonings
 50094 | Spider:1 | Noticed Roxanne
 50337 | Spider:1 | Learned a level 5 spell: Summon Mana Viper
 50621 | Spider:1 | Killed Roxanne
 50782 | Spider:1 | Upgraded the game from 0.25-a0-937-gcfae464cf3 to
                  | 0.25-a0-940-gc6eaff51cc
 51049 | Spider:1 | Reached skill level 1 in Hexes
 51330 | Spider:1 | Found a runed translucent door.
 51638 | Spider:1 | Noticed an emperor scorpion
 51959 | Spider:1 | Killed an emperor scorpion
 52178 | Spider:1 | Reached skill level 9 in Summonings
 52349 | Spider:2 | Noticed Asterion
 52375 | Spider:2 | Noticed an emperor scorpion
 52436 | Spider:2 | Noticed an emperor scorpion
 52470 | Spider:2 | Noticed Frances
 52613 | Spider:2 | Killed Frances
 52650 | Spider:2 | Killed an emperor scorpion
 52843 | Spider:2 | Found a frozen archway.
 52849 | IceCv    | Entered an ice cave
 53713 | IceCv    | Reached skill level 5 in Hexes
 54294 | IceCv    | Noticed an Ice Fiend
 54294 | IceCv    | Noticed an Ice Fiend
 54426 | Spider:2 | Noticed Donald
 54708 | Orc:2    | Bought a scroll of identify for 22 gold pieces
 54708 | Orc:2    | Bought a scroll of identify for 22 gold pieces
 54708 | Orc:2    | Bought a scroll of identify for 22 gold pieces
 54708 | Orc:2    | Bought a scroll of summoning for 104 gold pieces
 54708 | Orc:2    | Identified a scroll of acquirement
 54711 | Orc:2    | Identified Flugkiller's Guide on Ghastly Creation (You
                  | acquired it on level 2 of the Orcish Mines)
 54711 | Orc:2    | Identified the amulet "Ygovuom" {Regen+ Str+4} (You
                  | acquired it on level 2 of the Orcish Mines)
 55214 | Spider:1 | Killed an emperor scorpion
 55214 | Spider:1 | Reached XP level 15. HP: 66/66 MP: 2/32
 55361 | Spider:1 | Identified the amulet of Free Will {Reflect rElec MR- Str+4
                  | Int+4 SH+4} (You acquired it on level 1 of the Spider Nest)
 55817 | Spider:2 | Learned a level 6 spell: Shadow Creatures
 55912 | Spider:2 | Killed Donald
 55912 | Spider:2 | Reached skill level 10 in Summonings
 56344 | Spider:2 | You fall into a shaft and drop 1 floor!
 57295 | Spider:3 | Noticed a ghost moth
 57313 | Spider:3 | Killed a ghost moth
 57313 | Spider:3 | Reached skill level 11 in Summonings
 58169 | Spider:4 | Entered Level 4 of the Spider Nest
 59027 | Spider:4 | Reached skill level 12 in Summonings
 61105 | Spider:4 | Noticed a ghost moth
 61414 | Spider:4 | Killed a ghost moth
 61623 | Spider:4 | Reached skill level 13 in Summonings
 61874 | Spider:4 | Noticed a ghost moth
 61926 | Spider:4 | Killed a ghost moth
 61937 | Spider:4 | Got a gossamer rune of Zot
 62460 | Spider:4 | Noticed Arachne
 62483 | Spider:4 | Killed Arachne
 62747 | Swamp:1  | Entered Level 1 of the Swamp
 63364 | Swamp:1  | Learned a level 7 spell: Summon Hydra
 64025 | Swamp:1  | Identified the Guide on Supportive Earth
 64765 | Swamp:2  | Found a runed translucent door.
 64829 | Swamp:2  | Noticed Jorgrun
 64858 | Swamp:2  | Killed Jorgrun
 65063 | Swamp:2  | Reached XP level 16. HP: 59/70 MP: 20/33
 65251 | Swamp:2  | Reached skill level 14 in Summonings
 65494 | Swamp:2  | Found a shadowy altar of Dithmenos.
 65496 | Swamp:2  | Noticed Aizul
 65521 | Swamp:2  | Killed Aizul
 66843 | Swamp:3  | Noticed Mara
 66847 | Swamp:3  | Noticed Flugkiller's illusion
 67681 | Lair:1   | Killed Urug
 69077 | Elf:2    | Learned a level 5 spell: Aura of Abjuration
 70438 | Elf:2    | Found a runed translucent gate.
 70438 | Elf:2    | Found a runed translucent gate.
 70438 | Elf:2    | Found a runed translucent gate.
 70991 | Vaults:1 | Entered Level 1 of the Vaults
 71037 | Vaults:1 | Reached skill level 15 in Summonings
 71254 | Vaults:1 | Learned a level 5 spell: Borgnjor's Vile Clutch
 71636 | Vaults:1 | Reached skill level 1 in Necromancy
 71679 | Vaults:1 | Reached skill level 1 in Earth Magic
 76442 | Vaults:2 | Reached skill level 5 in Necromancy
 76979 | Vaults:2 | Reached skill level 5 in Earth Magic
 77049 | Vaults:2 | Found a staircase to the Crypt.
 77049 | Vaults:2 | Noticed an ancient champion
 77109 | Vaults:2 | Killed an ancient champion
 78664 | Orc:2    | Bought an uncursed ring of protection from fire for 300
                  | gold pieces
 78664 | Orc:2    | Bought a +4 ring of evasion for 432 gold pieces
 79201 | Vaults:3 | Reached XP level 17. HP: 73/73 MP: 24/34
 80773 | Vaults:2 | Identified the ring "Ydafi" {+Fly rN+ Dex+5} (You acquired
                  | it on level 2 of the Vaults)
 86592 | Vaults:4 | Identified the ring "Hikkodokk" {+Fly rPois Str-2 Stlth-}
 86841 | Vaults:4 | Reached skill level 16 in Summonings
 86917 | Vaults:4 | Learned a level 7 spell: Spellforged Servitor
 87369 | Elf:3    | Entered Level 3 of the Elven Halls
 88750 | Elf:3    | Identified the +11 war axe of Deflation {freeze, +Blink}
 88997 | Elf:3    | Noticed a Brimstone Fiend
 89761 | Elf:3    | Noticed a deep elf blademaster
 90133 | Elf:3    | Reached XP level 18. HP: 54/77 MP: 9/36
 90556 | Elf:3    | Identified the cursed +1 robe of Courage {rC+ Dex+4}
 90556 | Elf:3    | Identified the amulet "Mot Xaxy" {Acrobat Str+5}
 90859 | Elf:3    | Learned a level 6 spell: Iron Shot
 92961 | Elf:3    | Identified the +4 falchion "Hydrabane" {freeze, rN++}
 94135 | Elf:3    | Identified the +8 great mace "Orritecs" {vorpal, rElec
                  | Int+3}
 95148 | Swamp:3  | Noticed Bai Suzhen
 95322 | Swamp:3  | Noticed Flugkiller's illusion
 95486 | Swamp:3  | Noticed Flugkiller's illusion
 95488 | Swamp:3  | Killed from afar by Flugkiller's illusion (illusionary)
 95489 | Swamp:3  | Reached XP level 17. HP: -7/73 MP: 9/35
 96076 | Swamp:4  | Entered Level 4 of the Swamp
 96539 | Depths:1 | Entered Level 1 of the Depths
 96927 | Depths:1 | Noticed a lich
 96936 | Depths:1 | Killed a lich
 97591 | Depths:1 | Found a gateway to Hell.
 97764 | Depths:1 | Reached skill level 10 in Conjurations
 97781 | Depths:1 | Reached skill level 17 in Summonings
 98552 | Depths:1 | Found a one-way gate leading to the halls of Pandemonium.
 98782 | Depths:1 | You fall into a shaft and drop 1 floor!
100523 | Depths:2 | Reached XP level 18. HP: 77/77 MP: 19/37
101280 | Depths:2 | Noticed a golden dragon
101296 | Depths:2 | Killed a golden dragon
101303 | Depths:2 | Noticed a tentacled monstrosity
101310 | Depths:2 | Killed a tentacled monstrosity
101864 | Depths:2 | Noticed a golden dragon
101872 | Depths:2 | Killed a golden dragon
101976 | Depths:2 | Noticed a tentacled monstrosity
101985 | Depths:2 | Killed a tentacled monstrosity
102103 | Depths:2 | Noticed a tentacled monstrosity
102108 | Depths:2 | Killed a tentacled monstrosity
103348 | Depths:2 | Reached skill level 18 in Summonings
107033 | Depths:3 | Identified the amulet "Fatoalid" {Reflect +Fly rElec rF-
                  | SH+3} (You acquired it on level 3 of the Depths)
107500 | Depths:3 | Found a gateway to a ziggurat.
108028 | Depths:3 | Reached skill level 19 in Summonings
108686 | Depths:3 | Reached XP level 19. HP: 80/80 MP: 8/38
109373 | Depths:3 | Identified the amulet of Alolisei {Acrobat rPois Str+3
                  | SInv}
109394 | Depths:3 | Reached skill level 15 in Spellcasting
109630 | Depths:3 | Noticed a juggernaut
109637 | Depths:3 | Killed a juggernaut
109801 | Depths:3 | Noticed a caustic shrike
109801 | Depths:3 | Noticed a caustic shrike
109801 | Depths:3 | Noticed a caustic shrike
112612 | Depths:4 | Noticed a lich
112619 | Depths:4 | Killed a lich
112804 | Depths:4 | Noticed a golden dragon
112833 | Depths:4 | Killed a golden dragon
113004 | Depths:4 | Identified the Disquisition on the Rocks
113287 | Depths:5 | Entered Level 5 of the Depths
113714 | Depths:5 | Found Heugg's Assorted Antiques.
114043 | Depths:5 | Found a portal to a secret trove of treasure.
114155 | Depths:5 | Found a shattered altar of Ashenzari.
115752 | Depths:5 | Reached skill level 20 in Summonings
115883 | Depths:5 | Noticed the Enchantress
117099 | Depths:5 | Found a gate to the Realm of Zot.
117442 | Depths:5 | Noticed a golden dragon
117743 | Depths:5 | Killed a golden dragon
117970 | Depths:5 | Found a shattered altar of Ashenzari.
118013 | Depths:5 | Found a portal to a secret trove of treasure.
118209 | Depths:5 | Found Heugg's Assorted Antiques.
118233 | Depths:5 | Killed the Enchantress
119305 | Depths:5 | Reached XP level 20. HP: 84/84 MP: 31/42
120074 | Depths:5 | Found a gate to the Realm of Zot.
120298 | Depths:5 | Upgraded the game from 0.25-a0-940-gc6eaff51cc to
                  | 0.25-a0-942-g87a53962fc
120308 | Depths:5 | Learned a level 9 spell: Dragon's Call
120605 | Lair:2   | Killed Gastronok
120984 | Swamp:3  | Noticed Flugkiller's illusion
120988 | Swamp:3  | Killed Mara
121461 | Swamp:3  | Killed Bai Suzhen
122027 | Swamp:4  | Reached skill level 21 in Summonings
122529 | Swamp:4  | Found a runed translucent door.
122529 | Swamp:4  | Noticed Karim's ghost (adept GnMo)
122599 | Swamp:4  | Killed Karim's ghost
124633 | Swamp:4  | Got a decaying rune of Zot
125090 | Depths:4 | Voluntarily entered the Abyss.
125239 | Abyss:1  | Gained mutation: Your body sometimes deteriorates upon
                  | taking damage. [a neqoxec]
125305 | Depths:4 | Escaped the Abyss
125667 | Crypt:1  | Entered Level 1 of the Crypt
125675 | Crypt:1  | Noticed Jory
125688 | Crypt:1  | Killed Jory
127957 | Crypt:2  | Reached skill level 10 in Stealth
129278 | Crypt:2  | Noticed Boris
129294 | Crypt:2  | Killed Boris
129694 | Crypt:2  | Found a runed translucent door.
129695 | Crypt:2  | Noticed Ugilubb's ghost (adept GrFi)
130456 | Crypt:3  | Entered Level 3 of the Crypt
130851 | Crypt:3  | Found a staircase to the Tomb.
130877 | Crypt:3  | Reached skill level 22 in Summonings
132915 | Crypt:3  | Reached XP level 21. HP: 82/88 MP: 16/43
133390 | Crypt:3  | Found an ancient bone altar of Kikubaaqudgha.
133451 | Crypt:3  | Identified the +9 trident "Laggao" {flame, MR++}
133953 | Crypt:3  | Noticed an ancient lich
133979 | Crypt:3  | Killed an ancient lich
134589 | Crypt:3  | Got a translucent zirconium amulet
134590 | Crypt:3  | Identified the amulet of Iseocaur {Inacc rF- MP+9 Str-2
                  | Int+5 Stlth+} (You found it on level 3 of the Crypt)
134890 | Crypt:3  | Reached skill level 23 in Summonings
135496 | Depths:4 | Voluntarily entered the Abyss.
135550 | Abyss:1  | Found a corrupted altar of Lugonu.
136351 | Depths:4 | Escaped the Abyss
136505 | Depths:4 | Voluntarily entered the Abyss.
136966 | Abyss:1  | Found a stormy altar of Qazlal.
137760 | Abyss:3  | Found a corrupted altar of Lugonu.
138289 | Abyss:3  | HP: 2/72 [wretched star/lance of force (32)]
138308 | Abyss:3  | Gained mutation: Your body often deteriorates upon taking
                  | damage. [a neqoxec]
138336 | Abyss:3  | Found a corrupted altar of Lugonu.
138371 | Abyss:3  | Found a corrupted altar of Lugonu.
138518 | Abyss:3  | Gained mutation: You are very frail. (-20% HP) [a
                  | cacodemon]
138672 | Abyss:3  | Paralysed by accursed screaming for 1 turns
138673 | Abyss:3  | HP: 3/81 [starcursed mass/accursed screaming (9)]
138673 | Abyss:3  | Mangled by a starcursed mass
138674 | Abyss:3  | Reached XP level 20. HP: -10/78 MP: 26/42
138943 | Abyss:3  | Found a corrupted altar of Lugonu.
138979 | Abyss:3  | Noticed a bone dragon
139001 | Abyss:3  | Killed a bone dragon
139049 | Abyss:3  | Noticed a bone dragon
139091 | Abyss:3  | Found a corrupted altar of Lugonu.
139095 | Abyss:3  | Killed from afar by a mad acolyte of Lugonu
139096 | Abyss:3  | Reached XP level 19. HP: 0/75 MP: 14/41
139214 | Abyss:3  | Noticed a bone dragon
139242 | Abyss:3  | Reached skill level 10 in Fighting
139258 | Abyss:3  | HP: 1/75 [bone dragon (11)]
139264 | Abyss:3  | Mangled by a thrashing horror

Levels and vault maps discovered:
D:1:      dpeg_arrival_line_fractal, layout_loops_ring, minmay_nonomino_d4
D:2:      minmay_alternating_diamond, layout_basic,
          nemelex_xobeh_ov_fountains_minmay, first_ration, okawaru_gym_becter,
          uniq_crazy_yiuf_cottage
D:3:      layout_basic, gammafunk_temple_overflow_elements,
          chequers_ecumenical_altar_simple_redux, chequers_serial_rivers_room_b,
          minmay_liquid_box
D:4:      layout_basic
D:5:      layout_basic
D:6:      nicolae_whirlpool, layout_basic, minmay_temple_entry_mini_moons,
          minmay_misc_feat_five, solitary_fountain
D:7:      layout_basic, st_stairs_6, uniq_pikel
D:8:      layout_cave_pools, serial_shops, shop
D:9:      layout_cave_pools, marbit_many_paths, grunt_temple_overflow_open,
          basic_altar, grunt_ogre_cave
D:10:     layout_long_grid, lair_entry_dummy
D:11:     layout_layer_cave, orc_david_3, enter_bailey_6, patterned_corridor
D:12:     layout_loops_ring
D:13:     layout_cave_pools, uniq_azrael
D:14:     layout_loops_ring, david_vaults_5, hangedman_decor_riveting,
          basic_altar
D:15:     grunt_enter_depths_magical_seal, layout_cave_pods,
          small_statue_intersection
Temple:   minmay_temple_forest_path
Lair:1:   beast_lair_carwin_large_1, layout_big_grid,
          chequers_serial_rivers_micro_b, cheibrodos_lair_lostbears,
          grunt_megastairs_4, minmay_lair_oklob_chamber, uniq_urug
Lair:2:   layout_roguey, basic_altar, gammafunk_ghost_ooze, fungi_pond_lemuel,
          grunt_megastairs_1, lemuel_fruit_tree, uniq_gastronok
Lair:3:   layout_chaotic_city, palyth_hydra_swamp_entry, grunt_megastairs_3,
          lemuel_fruit_fields, serial_bayou_shore_a, infiniplex_staircase_pool_2
Lair:4:   layout_big_grid, dummy_spider_entry, serial_bayou_lagoon_a,
          nicolae_quartered_pool_super
Lair:5:   layout_roguey, hangedman_lair_unloving_vines
Lair:6:   hangedman_lair_tendril_chambers, layout_regular_city, slime_altar_1,
          lemuel_fruit_fields, uniq_nessos, uniq_kirke, uniq_josephine
Swamp:1:  layout_basic_swamp, hangedman_swamp_pad
Swamp:2:  gammafunk_mikee_crab_dinner, layout_falls_marsh,
          nicolae_swamp_godswood, uniq_jorgrun, uniq_aizul
Swamp:3:  layout_falls_marsh, nicolae_swamp_treefoil, swamp_pool2,
          infiniplex_staircase_pool, uniq_mara, uniq_bai_suzhen
Swamp:4:  swamp_alternative, layout_basic_swamp, gammafunk_ghost_grave,
          hangedman_swamp_cone
Spider:1: cheibrodos_spider_deadly_dance, uniq_roxanne
Spider:2: layout_spider_delve, portal_ice_cave_entry_pillars_three,
          nicolae_spider_cling_halls, uniq_frances, uniq_donald, uniq_asterion
Spider:3: nicolae_spider_hall_of_the_moth_king
Spider:4: guppyfry_spider_rune, uniq_arachne
Orc:1:    layout_caves, serial_shops, shop
Orc:2:    pubby_orc_utopia
Elf:1:    layout_gridlike, gammafunk_ghost_abyssal_escape,
          minmay_elf_necromancy, kilobyte_mutagenic_chamber
Elf:2:    layout_geoelf_octagon, portal_desolation_entry_nicolae_slug
Elf:3:    minmay_elf_hall_hex, layout_geoelf_grid, laboratory
Vaults:1: v_misc_33, nicolae_vaults_ninety_degrees,
          nicolae_vaults_know_your_exits, vaults_room_pool,
          nicolae_vaults_theta, ontoclasm_vaults_ring_small, serial_ice_g,
          layout_vaults_omnigrid
Vaults:2: minmay_crypt_entry_simple_round, vaults_room_fancy_cross,
          grunt_vaults_focal, vaults_mumra_hex, ontoclasm_vaults_claustrophobia,
          vaults_room_corners, nicolae_vaults_little_squares_3, v_misc_16,
          v_misc_4, nicolae_vaults_little_squares_4, vaults_dpeg_encased_lava,
          ontoclasm_vaults_ring_small, layout_vaults_omnibox
Vaults:3: hangedman_vaults_cutoff, nicolae_vaults_rhombus_7,
          ontoclasm_vaults_ligature, nicolae_vaults_ring_of_whatevers,
          nicolae_vaults_circle_grid_a, hangedman_vaults_maws,
          vaults_mumra_minichess_inversion, vaults_room_corners,
          layout_vaults_chaotic_city
Vaults:4: v_alt_pattern_6, v_alt_pattern_3, hangedman_vaults_stretched_pinwheel,
          v_misc_33, ontoclasm_vaults_decontamination,
          nicolae_vaults_network_quinsquares
          [nicolae_vaults_network_quincunx_subvault,
          nicolae_vaults_network_quincunx_subvault,
          nicolae_vaults_network_quincunx_subvault,
          nicolae_vaults_network_quincunx_subvault], vaults_mumra_lcd,
          hangedman_vaults_trim, nicolae_vaults_three_branches,
          ontoclasm_vaults_idyll, ontoclasm_vaults_fault,
          nicolae_vaults_mini_display_case, layout_vaults_ring,
          mu_enter_wizlab_4
Crypt:1:  layout_gridlike, grunt_crypt_arrival_guarded_gate, uniq_jory
Crypt:2:  minmay_shadows, layout_misc_corridors, gammafunk_ghost_grave,
          uniq_boris
Crypt:3:  church_of_pain_bobbens, layout_chaotic_city
Depths:1: layout_small_grid, marbit_kobold_abyss_entry, pan_entry, hell_entry,
          roderic_roman_lattice, kennysheep_path_1, chequers_big_river,
          lemuel_flames_and_gold
Depths:2: hangedman_box_tower, layout_cave_pools,
          serial_sigils_hangedman_quiver, hell_entry, rand_demon_pan_entry_4
Depths:3: kennysheep_windowed_halls, layout_cave_pools, enter_ziggurat_a,
          hell_entry, pan_entry, columned_hall_lemuel
Depths:4: minmay_sliced_demisemicircle, layout_gridlike,
          abyss_entry_small_statue_room, hell_entry
Depths:5: lemuel_castle_with_subvaults [lemuel_castle_interior_carwin_2],
          layout_small_grid, enter_trove_3, grunt_mini_vestibule,
          nicolae_twisting_strands, serial_shops, nicolae_shop_statue_plus,
          nicolae_ashenzari_panopticon, uniq_enchantress
Abyss:3:  base: Swamp:4, evilmike_nicolae_abyss_rune_betentacled_crabyss,
          hangedman_summoners_spam, grunt_abyss_rune_wretched_hive,
          hangedman_abyss_or_decor_stabs, evilmike_abyss_exit_kraken,
          gammafunk_abyss_rune_reverse_zot, base: Elf:3,
          evilmike_abyss_exit_kraken, gammafunk_abyss_rune_reverse_zot,
          due_evilmike_abyss_rune_seething_liches, evilmike_abyss_rune_ettins,
          nicolae_abyss_rune_left_handed, evilmike_abyss_rune_ettins,
          guppyfry_abyss_exit_imp_island, evilmike_abyss_exit_13,
          nicolae_abyss_rune_left_handed, evilmike_abyss_exit_mutagenic,
          evilmike_abyss_exit_vortex, evilmike_abyss_rune_siren_acolytes,
          nicolae_abyss_rune_star_stuff, hangedman_abyss_or_decor_stagger,
          guppyfry_abyss_exit_glass_guarded, small_statue_intersection,
          evilmike_abyss_exit_vortex, nicolae_abyss_rune_left_handed,
          gammafunk_corrupted_shrine, minivault_25,
          hangedman_abyss_or_decor_jellyfish_corner, abyss_furniture_001,
          hangedman_abyss_or_decor_jellyfish_corner,
          guppyfry_abyss_exit_glass_guarded, nicolae_abyss_rune_left_handed,
          minivault_24, minivault_23,
          dshaligram_kb_abyss_rune_zappy_water_cross,
          evilmike_abyss_rune_siren_acolytes,
          evilmike_abyss_rune_siren_acolytes,
          evilmike_abyss_rune_siren_acolytes, abyss_furniture_001,
          evilmike_nicolae_abyss_rune_betentacled_crabyss

Skill      XL: |  1  2  3  4  5  6  7  8  9 10 11 12 13 14 15 16 17 18 19 20 21 |
---------------+----------------------------------------------------------------+-----
Fighting       | 1 2 3 4 5 6 8 10 9 | 10.0
Ice Magic      | 4 5 6 7 8 10 11 12 14 | 14.0
Spellcasting   | 3 4 5 10 12 14 18 | 18.0
Dodging        | 4 5 7 8 11 12 15 | 15.0
Stealth        | 3 5 10 | 10.0
Summonings     | 3 5 6 9 13 15 17 19 20 22 23 | 23.0
Invocations    | 5 8 11 | 11.0
Conjurations   | 5 11 13 | 13.1
Evocations     | 5 2 |  5.0
Hexes          | 5 |  5.0
Necromancy     | 6 |  6.5
Earth Magic    | 5 6 |  6.0

Action                   |  1- 3 |  4- 6 |  7- 9 | 10-12 | 13-15 | 16-18 | 19-21 || total
-------------------------+-------+-------+-------+-------+-------+-------+-------++-------
Melee: Unarmed           |    22 |    25 |    67 |    77 |   102 |    65 |    80 ||   438
       Bite              |     2 |     2 |    11 |     8 |    10 |    10 |    17 ||    60
 Cast: Freeze            |    41 |    61 |   126 |   163 |   298 |    16 |     3 ||   708
       Frozen Ramparts   |     4 |    12 |    30 |    59 |   114 |     8 |       ||   227
       Summon Ice Beast  |       |       |    17 |   291 |   276 |       |       ||   584
       Hailstorm         |       |       |       |    10 |   316 |    17 |     9 ||   352
       Summon Mana Viper |       |       |       |       |   206 |   268 |    42 ||   516
       Shadow Creatures  |       |       |       |       |    74 |   233 |    16 ||   323
       Summon Hydra      |       |       |       |       |    16 |    28 |       ||    44
       Borgnjor's Vile C |       |       |       |       |       |   287 |   373 ||   660
       Spellforged Servi |       |       |       |       |       |   134 |   278 ||   412
       Aura of Abjuratio |       |       |       |       |       |    18 |    11 ||    29
       Iron Shot         |       |       |       |       |       |       |    35 ||    35
       Dragon's Call     |       |       |       |       |       |       |     1 ||     1
Invok: Stomp             |       |       |       |       |     2 |       |       ||     2
Evoke: Wand              |       |     2 |     1 |     9 |    29 |    25 |    15 ||    81
  Use: Scroll            |       |     2 |     8 |    11 |    30 |    16 |    17 ||    84
       Potion            |       |       |       |       |    25 |     8 |    19 ||    52
 Stab: Sleeping          |     4 |     6 |       |     2 |       |       |       ||    12
       Paralysed         |       |     7 |     5 |       |    15 |       |     3 ||    30
       Distracted        |       |       |     2 |       |     1 |       |       ||     3
  Eat: Chunk             |    10 |     7 |    16 |    81 |   105 |   233 |    86 ||   538
       Ration            |       |       |       |       |    12 |     1 |    21 ||    34
Armor: Skin              |       |     3 |     6 |     8 |   119 |     4 |    10 ||   150
Dodge: Dodged            |    44 |    45 |   158 |   330 |   812 |   511 |   550 ||  2450
Block: Other             |       |       |       |       |    23 |    68 |    78 ||   169
       Reflection        |       |       |       |       |       |    28 |     7 ||    35

Table legend:
 A = Non-vault XP
 B = Vault XP
 C = Vault XP percentage of total XP
 D = Non-vault monster count
 E = Vault monster count
 F = Vault count percentage of total count
                 A         B        C        D         E       F
            +---------+---------+-------+---------+---------+-------
      Total |  462706 |  345806 |  42.8 |    1660 |     769 |  31.7
            +---------+---------+-------+---------+---------+-------
        D:1 |      26 |      10 |  27.8 |      15 |       5 |  25.0
        D:2 |      76 |       4 |   5.0 |      13 |       4 |  23.5
        D:3 |     289 |       0 |   0.0 |      33 |       0 |   0.0
        D:4 |     376 |       0 |   0.0 |      17 |       0 |   0.0
        D:5 |     472 |       0 |   0.0 |      15 |       0 |   0.0
        D:6 |     342 |       0 |   0.0 |       7 |       0 |   0.0
        D:7 |     195 |     651 |  77.0 |       5 |       1 |  16.7
        D:8 |    1543 |       0 |   0.0 |      22 |       0 |   0.0
        D:9 |    2231 |     201 |   8.3 |      49 |       2 |   3.9
       D:10 |     883 |       0 |   0.0 |      22 |       0 |   0.0
       D:11 |    7954 |     540 |   6.4 |      57 |       5 |   8.1
       D:12 |    5959 |       0 |   0.0 |      28 |       0 |   0.0
       D:13 |    4473 |    2226 |  33.2 |      23 |       7 |  23.3
       D:14 |    9957 |    4120 |  29.3 |      43 |      11 |  20.4
       D:15 |    6020 |    5625 |  48.3 |      25 |      10 |  28.6
     Lair:1 |    4323 |    1921 |  30.8 |      26 |      14 |  35.0
     Lair:2 |    1758 |    3117 |  63.9 |      10 |      10 |  50.0
     Lair:3 |    6657 |    1642 |  19.8 |      47 |       6 |  11.3
     Lair:4 |    3666 |       0 |   0.0 |      23 |       0 |   0.0
     Lair:5 |    2074 |    1865 |  47.3 |      14 |       5 |  26.3
     Lair:6 |    7039 |    8748 |  55.4 |      39 |      39 |  50.0
    Swamp:1 |    5174 |       0 |   0.0 |      17 |       0 |   0.0
    Swamp:2 |    7462 |    2336 |  23.8 |      31 |       2 |   6.1
    Swamp:3 |    9801 |    7249 |  42.5 |      48 |       2 |   4.0
    Swamp:4 |   12083 |   12470 |  50.8 |      43 |      25 |  36.8
   Spider:1 |   15469 |    1178 |   7.1 |      47 |       1 |   2.1
   Spider:2 |    7267 |    2225 |  23.4 |      29 |       2 |   6.5
   Spider:3 |    5390 |    3915 |  42.1 |      21 |      14 |  40.0
   Spider:4 |   12283 |   14434 |  54.0 |      58 |      41 |  41.4
      Orc:1 |    1803 |       0 |   0.0 |      31 |       0 |   0.0
      Orc:2 |       0 |   19179 | 100.0 |       0 |     148 | 100.0
      Elf:1 |   17868 |    2457 |  12.1 |      36 |       5 |  12.2
      Elf:2 |    8672 |     900 |   9.4 |      27 |       2 |   6.9
      Elf:3 |   15198 |   42526 |  73.7 |      28 |      50 |  64.1
   Vaults:1 |   16231 |    6840 |  29.6 |      58 |      21 |  26.6
   Vaults:2 |   14260 |    6142 |  30.1 |      41 |      18 |  30.5
   Vaults:3 |   16127 |    6595 |  29.0 |      44 |      16 |  26.7
   Vaults:4 |   34636 |    3788 |   9.9 |      90 |       7 |   7.2
    Crypt:1 |   12684 |    2491 |  16.4 |      46 |       1 |   2.1
    Crypt:2 |   19722 |    8901 |  31.1 |      42 |      26 |  38.2
    Crypt:3 |   17265 |   40554 |  70.1 |      38 |      70 |  64.8
   Depths:1 |   19672 |      95 |   0.5 |      41 |       1 |   2.4
   Depths:2 |   14715 |   53124 |  78.3 |      31 |      63 |  67.0
   Depths:3 |   32117 |   17510 |  35.3 |      72 |      19 |  20.9
   Depths:4 |   15428 |   14644 |  48.7 |      28 |      12 |  30.0
   Depths:5 |   12649 |   39906 |  75.9 |      22 |      58 |  72.5
    Abyss:1 |   23241 |       0 |   0.0 |      65 |       0 |   0.0
    Abyss:2 |    2307 |       0 |   0.0 |      11 |       0 |   0.0
    Abyss:3 |   26869 |    3065 |  10.2 |      82 |       6 |   6.8
     Bailey |       0 |     244 | 100.0 |       0 |      16 | 100.0
      IceCv |       0 |    2368 | 100.0 |       0 |      24 | 100.0
            +---------+---------+-------+---------+---------+-------
